 Dungeon Crawl Stone Soup version 0.26.1-2-gb8aa6d0cf2 (webtiles) character file.

Game seed: 18103964906686769404

21 Descartes the Magician (level 2, -1/15 HPs)
             Began as a Deep Elf Wanderer on Mar 26, 2021.
             Was an Initiate of Gozag.
             Slain by a gnoll
             ... wielding a +0 club
              (7 damage)
             ... on level 3 of the Dungeon.
             The game lasted 00:04:33 (2272 turns).

Descartes the Magician (Deep Elf Wanderer)          Turns: 2272, Time: 00:04:34

Health: -1/15      AC:  2    Str:  9    XL:     2   Next: 65%
Magic:  5/8        EV: 15    Int: 19    God:    Gozag
Gold:   93         SH:  0    Dex: 11    Spells: 6/7 levels left

rFire    . . .     SeeInvis .   a - +0 dagger
rCold    . . .     Faith    .   (no shield)
rNeg     . . .     Spirit   .   d - +0 robe
rPois    .         Reflect  .   (no helmet)
rElec    .         Harm     .   (no cloak)
rCorr    .         Rampage  .   (no gloves)
Will     .....                  (no boots)
Stlth    +.........             (no amulet)
HPRegen  0.05/turn              n - +4 ring of evasion (curse)
MPRegen  0.11/turn              (no ring)

@: no status effects
A: no striking features
a: Renounce Religion, Potion Petition, Call Merchant, Bribe Branch


You were on level 3 of the Dungeon.
You worshipped Gozag.
Gozag was noncommittal.
You visited 1 branch of the dungeon, and saw 3 of its levels.

You collected 124 gold pieces.
You paid 31 gold pieces to Gozag.

Inventory:

Hand Weapons
 a - a +0 dagger (weapon)
Missiles
 b - 101 stones
 g - 24 bolts
 i - 28 sling bullets
 o - 17 arrows
Armour
 d - a +0 robe (worn)
Jewellery
 n - a cursed +4 ring of evasion (left hand)
Wands
 c - a wand of random effects (15) (quivered)
Scrolls
 e - 3 scrolls of teleportation {unknown}
 h - a scroll of fear {unknown}
 k - 2 scrolls of identify {unknown}
 q - 2 scrolls of remove curse {unknown}
Potions
 f - a potion of might {unknown}
 j - 2 potions of curing {unknown}
 l - 2 potions of heal wounds {unknown}
 m - a potion of brilliance {unknown}
 p - 2 potions of ambrosia {unknown}


   Skills:
 + Level 3.4 Spellcasting
 + Level 2.7 Summonings
 - Level 3.3 Transmutations
 - Level 1.2 Fire Magic
 + Level 2.7 Evocations


You had 6 spell levels left.
You knew the following spells:

 Your Spells              Type           Power        Failure   Level
a - Summon Small Mammal   Summ           52%          4%          1

Your spell library contained the following spells:

 Spells                   Type           Power        Failure   Level
 Call Imp                 Summ           13%          7%          2
 Apportation              Tloc           6%           14%         1
 Call Canine Familiar     Summ           13%          14%         3
 Summon Guardian Golem    Hex/Summ       8%           26%         3
 Lesser Beckoning         Tloc           1%           41%         3
 Summon Ice Beast         Ice/Summ       8%           63%         4
 Summon Lightning Spire   Summ/Air       8%           63%         4


Dungeon Overview and Level Annotations

Branches:
Dungeon (3/15)

Altars:
Gozag


Message History

The orc hits your rat but does no damage.
The adder bites your rat.
Your rat dies!
Your rat's corpse disappears in a puff of smoke!
The adder bites your bat but does no damage.
Your bat hits the gnoll but does no damage.
Your bat hits the gnoll but does no damage.
Your bat closely misses the adder.
Casting: Summon Small Mammal (safe; 4% risk of failure)
Confirm with . or Enter, or press ? or * to list all spells.
The adder barely misses your bat. The gnoll hits you with a +0 club!
Ouch! That really hurt!
The adder bites your bat.
Your bat hits the gnoll but does no damage.
The adder misses your bat.
Casting: Summon Small Mammal (safe; 4% risk of failure)
Confirm with . or Enter, or press ? or * to list all spells.
The adder closely misses your bat. The gnoll hits you with a +0 club!
You die...
Your body crumbles into a pile of gold.

.....# .o...#
.....# g....#
.....# .o...#
#########o....#
#..@grbbSog...#
#.#######g....#
#.#....# ######
#.#.##.#
#.#.<#.#
#....#.#
####.#.# #....#
######


You could see 3 gnolls, an adder, 2 orcs, a friendly quokka (summoned) and 2
friendly bats.

Vanquished Creatures (collateral kills)
  3 dart slugs (D:1)
  3 leopard geckos
  A giant cockroach (D:2)
  2 goblins (D:1)
  A quokka (D:2)
  4 bats
  3 frilled lizards (D:1)
  7 kobolds
  A rat (D:1)
25 creatures vanquished.

Notes
Turn   | Place    | Note
-------+----------+-------------------------------------------
     0 | D:1      | Descartes the Deep Elf Wanderer began the quest for the
                  | Orb.
     0 | D:1      | Descartes set off with the following items: a +0 dagger, a
                  | wand of random effects (15), a +0 robe; and the following
                  | spells available to memorise: Summon Small Mammal, Call
                  | Imp, Apportation, Call Canine Familiar, Summon Guardian
                  | Golem, Lesser Beckoning, Summon Ice Beast, Summon Lightning
                  | Spire
     0 | D:1      | Reached XP level 1. HP: 10/10 MP: 6/6
     2 | D:1      | Learned a level 1 spell: Summon Small Mammal
   790 | D:1      | Reached XP level 2. HP: 15/15 MP: 0/8
  1948 | D:2      | Found an opulent altar of Gozag.
  2113 | D:2      | Became a worshipper of Gozag Ym Sagoz the Greedy
  2272 | D:3      | Slain by a gnoll

Illustrated notes

Levels and vault maps discovered:
D:1:      matt_arrival_diagonals, layout_rooms
D:2:      layout_rooms, nicolae_overflow_crystal_walls
D:3:      minmay_inner_zag, layout_basic, nicolae_overflow_quartered_altars

Action                   || total
-------------------------++-------
 Cast: Summon Small Mamm ||   119
Armor: Robe              ||     2
Dodge: Dodged            ||    28
